 Dungeon Crawl Stone Soup version 0.19-a0-1224-g978f909 (webtiles) character file.

17143 LORDOFBUTT the Blocker (level 12, -9/113 HPs)
             Began as a Minotaur Fighter on Aug 24, 2016.
             Was an Initiate of Gozag.
             Mangled by a phantasmal warrior (13 damage)
             ... led by a death knight
             ... on level 12 of the Dungeon.
             The game lasted 00:16:44 (10742 turns).

LORDOFBUTT the Blocker (Minotaur Fighter)          Turns: 10742, Time: 00:16:45

Health: -9/113     AC: 16    Str: 23    XL:     12   Next: 16%
Magic:  20/20      EV: 10    Int:  5    God:    Gozag
Gold:   1972       SH: 13    Dex: 16    Spells: 0 memorised, 11 levels left

rFire  . . .     SeeInvis .     a - +5 war axe
rCold  . . .     Gourm    .     e - +0 ring mail of Elitism {Regen+ MP+9 Dex+3 Slay+3}
rNeg   . . .     Faith    .     c - +0 shield
rPois  .         Spirit   .     (helmet restricted)
rElec  .         Dismiss  .     n - +0 cloak
rCorr  .         Reflect  .     k - +2 pair of gloves
MR     .....     Harm     +     L - +2 pair of boots of the Assassin {DetectMon Stab+ Stlth++}
Stlth  +++.......               H - amulet of harm
                                (no ring)
                                (no ring)

@: vulnerable, slowed, very slow
A: retaliatory headbutt, horns 2
a: Potion Petition, Call Merchant, Bribe Branch, Renounce Religion


You were on level 12 of the Dungeon.
You worshipped Gozag.
Gozag was most pleased with you.
You were not hungry.

You visited 2 branches of the dungeon, and saw 13 of its levels.
You also visited: Ossuary.

You collected 2945 gold pieces.
You spent 704 gold pieces at shops.
You paid 269 gold pieces to Gozag.

Inventory:

Hand Weapons
 a - a +5 war axe (weapon)
 W - the +9 flail of Bimyb {flame, rElec MR+}
   (You found it on level 11 of the Dungeon)

   It has been specially enchanted to burn those struck by it, causing extra
   injury to most foes and up to half again as much damage against particularly
   susceptible opponents.
   It insulates you from electricity.
   It affects your resistance to hostile enchantments.
Armour
 c - a +0 shield (worn)
 e - the +0 ring mail of Elitism (worn) {Regen+ MP+9 Dex+3 Slay+3}
   (You found it on level 7 of the Dungeon)

   It affects your dexterity (+3).
   It affects your accuracy and damage with ranged weapons and melee attacks
   (+3).
   It affects your magic capacity (+9).
   It increases your rate of regeneration.
 k - a +2 pair of gloves (worn)
 n - a +0 cloak (worn)
 L - the +2 pair of boots of the Assassin (worn) {DetectMon Stab+ Stlth++}
   (You bought it in a shop on level 9 of the Dungeon)

   It makes you much more stealthy.
Jewellery
 H - an amulet of harm (around neck)
 O - an uncursed ring of positive energy {unknown}
Wands
 g - a wand of iceblast (6/15)
 t - a wand of iceblast (2/15)
 u - a wand of flame (18/48)
 D - a wand of heal wounds (6/9)
 M - a wand of polymorph (10/24)
 S - a wand of lightning (5/15)
Scrolls
 b - 2 scrolls of recharging {unknown}
 l - 7 scrolls of remove curse
 o - 5 scrolls of amnesia
 s - 3 scrolls of teleportation {unknown}
 v - 2 scrolls of immolation {unknown}
 x - 2 scrolls of noise
 y - 5 scrolls of random uselessness
 A - a scroll of magic mapping {unknown}
 F - a scroll of silence {unknown}
 K - 2 scrolls of vulnerability {unknown}
 R - a scroll of fear {unknown}
 T - a scroll of identify
 V - a scroll of fog {unknown}
Potions
 d - a potion of invisibility
 h - a potion of heal wounds
 i - a potion of cancellation
 m - 2 potions of mutation
 p - 7 potions of flight
 q - 3 potions of lignification
 r - a potion of magic
 w - 5 potions of degeneration
 z - 3 potions of haste
 B - a potion of agility
 C - a potion of brilliance {unknown}
 E - a potion of ambrosia {unknown}
 G - a potion of berserk rage {unknown}
 N - 3 potions of curing
 P - 2 potions of cure mutation {unknown}
 Q - a potion of might
Books
 I - a book of Callings

   Spells                             Type                      Level
   a - Summon Small Mammal            Summoning                    1
   b - Call Imp                       Summoning                    2
   c - Call Canine Familiar           Summoning                    3
   d - Summon Guardian Golem          Hexes/Summoning              3
   e - Summon Lightning Spire         Summoning/Air                4
   f - Summon Ice Beast               Ice/Summoning                4
 J - a book of the Tempests

   Spells                             Type                      Level
   a - Static Discharge               Conjuration/Air              3
   b - Lightning Bolt                 Conjuration/Air              5
   c - Fireball                       Conjuration/Fire             5
   d - Tornado                        Air                          9
   e - Shatter                        Earth                        9
Comestibles
 f - 7 bread rations
 j - 5 meat rations
 U - 3 fruits
 X - 12 royal jellies


   Skills:
 + Level 12.4 Fighting
 + Level 12.0 Axes
 + Level 12.0 Armour
 + Level 12.5 Shields


You had 11 spell levels left.
You didn't know any spells.

Dungeon Overview and Level Annotations

Branches:
Dungeon (12/15)            Temple (1/1) D:4            Lair (0/6) D:10
    Orc (0/2) D:11

Altars:
Ashenzari
Cheibriados
Dithmenos
Elyvilon
Fedhas
Gozag
Hepliaklqana
Kikubaaqudgha
Makhleb
Nemelex Xobeh
Okawaru
Qazlal
Ru
Sif Muna
Trog
Uskayaw
Vehumet
Xom
Yredelemnul
Zin
The Shining One

Shops:
D:9 [


Innate Abilities, Weirdness & Mutations

You reflexively headbutt those who attack you in melee.
You have a pair of horns on your head.


Message History

You barely miss the phantasmal warrior. You hit the wraith but do no damage.
The phantasmal warrior barely misses you.
You furiously retaliate!
You headbutt the phantasmal warrior. The wraith hits you but does no damage.
The death knight invokes the aid of Yredelemnul against you.
Your body is wracked with pain!
* * * LOW HITPOINT WARNING * * *
The phantasmal warrior hits you!
* * * LOW HITPOINT WARNING * * *
Your magical defenses are stripped away!
The wraith hits you.
* * * LOW HITPOINT WARNING * * *
You feel much better. You block the death knight's attack.
The phantasmal warrior hits you!
* * * LOW HITPOINT WARNING * * *
You block the wraith's attack.
You now have 1972 gold pieces (gained 6).
The phantasmal warrior hits you!
You die...
Your body crumbles into a pile of gold.

#.##.####... ... {
..##.###.... ...
######.##..... ...
#............. # #.#
#)########..## . #$
#.# #.##........##
...#.##.#
#.##.#####..#.
......Wp# #.##.###
#.... #.#.@#
#.##.#.###.##.
...#.#.W#
#.##..#.##.###
#.....###.##.###.#.#
# #....(......##
##..# #
#.......#.##.###.###
# #.......#.###.#.##
# #.......#.####.##
# #............#.#
#....#######.#.#


You could see a death knight, a phantasmal warrior and a wraith.

Vanquished Creatures
  Erolcha (D:9)
  Erica (D:8)
  7 hill giants
  Pikel (D:4)
  Maurice (D:8)
  A cyclops (D:12)
  Joseph (D:8)
  A gargoyle (D:12)
  A queen bee (D:11)
  The ghost of daryashkoh the Ducker, an amateur DsGl of Lugonu (D:4)
  A two-headed ogre (D:11)
  Prince Ribbit (D:5)
  A spriggan (D:8)
  A wraith (D:12)
  A wyvern (D:11)
  10 yaks
  A hungry ghost (D:8)
  4 hippogriffs
  2 water moccasins
  4 ice beasts
  2 sky beasts
  5 orc warriors
  5 ogres
  7 centaurs
  3 phantoms
  A crocodile (D:8)
  2 big kobolds
  4 giant frogs
  2 scorpions
  A wyvern skeleton (D:6)
  34 killer bees
  12 wights
  3 howler monkeys
  3 centaur zombies
  8 crimson imps
  A wasp zombie (D:11)
  A human zombie (Ossuary)
  A quasit (D:9)
  2 giant frog zombies
  A gnoll shaman (D:10)
  6 hounds
  3 jellies
  An orc priest (D:5)
  7 orc wizards
  3 giant frog skeletons
  3 iguanas
  10 worker ants
  5 mummies (Ossuary)
  2 hound skeletons
  A hound zombie (D:5)
  2 worker ant zombies (D:7)
  9 gnolls
  22 adders
  A howler monkey skeleton (D:11)
  2 river rats (D:10)
  2 shadow imps
  An ooze (D:5)
  An adder zombie (D:7)
  An adder skeleton (D:9)
  4 worms
  4 dart slugs
  5 giant geckos
  34 orcs
  16 bats
  9 giant cockroaches
  8 goblins
  9 hobgoblins
  11 jackals
  17 kobolds
  3 ball pythons
  A giant cockroach zombie (D:5)
  A giant gecko skeleton (D:4)
  2 giant gecko zombies
  3 giant newts
  2 goblin zombies (Ossuary)
  A hobgoblin zombie (Ossuary)
  A kobold zombie (Ossuary)
  2 orc zombies (Ossuary)
  A quokka zombie (D:7)
  15 rats
  3 fungi (D:10)
374 creatures vanquished.

Vanquished Creatures (others)
  A wizard (D:6)
1 creature vanquished.

Grand Total: 375 creatures vanquished

Notes
Turn   | Place    | Note
-------+----------+-------------------------------------------
     0 | D:1      | LORDOFBUTT the Minotaur Fighter began the quest for the Orb.
     0 | D:1      | Reached XP level 1. HP: 19/19 MP: 0/0
   238 | D:1      | Reached XP level 2. HP: 27/27 MP: 1/1
   795 | D:2      | Reached XP level 3. HP: 31/33 MP: 2/2
  1028 | D:2      | Reached XP level 4. HP: 35/41 MP: 3/3
  1362 | D:2      | Found a hide-covered altar of Uskayaw.
  1365 | D:2      | Found a sparkling altar of Nemelex Xobeh.
  1368 | D:2      | Found a burning altar of Makhleb.
  1881 | D:3      | Reached XP level 5. HP: 41/47 MP: 4/4
  2269 | D:4      | Noticed daryashkoh's ghost (amateur DsGl)
  2281 | D:4      | Killed daryashkoh's ghost
  2281 | D:4      | Reached skill level 5 in Fighting
  2281 | D:4      | Reached skill level 5 in Armour
  2281 | D:4      | Reached skill level 5 in Shields
  2281 | D:4      | Reached XP level 6. HP: 26/56 MP: 5/5
  2395 | D:4      | Found a staircase to the Ecumenical Temple.
  2449 | Temple   | Entered the Ecumenical Temple
  2746 | Temple   | Became a worshipper of Gozag Ym Sagoz the Greedy
  2946 | D:4      | Noticed a slave
  2946 | D:4      | Noticed a slave
  2947 | D:4      | Noticed Pikel
  2948 | D:4      | Noticed a slave
  2950 | D:4      | Noticed a slave
  2958 | D:4      | Killed Pikel
  2958 | D:4      | Reached skill level 5 in Axes
  2958 | D:4      | Reached XP level 7. HP: 47/64 MP: 6/6
  3114 | D:5      | Entered Level 5 of the Dungeon
  3250 | D:5      | Found a sand-covered staircase.
  3255 | Ossuary  | Entered an ossuary
  3618 | Ossuary  | Reached XP level 8. HP: 69/71 MP: 7/7
  4353 | D:5      | Noticed Prince Ribbit
  4364 | D:5      | Killed Prince Ribbit
  4430 | D:5      | Found a shattered altar of Ashenzari.
  5063 | D:6      | Reached XP level 9. HP: 63/81 MP: 8/8
  5283 | D:6      | Found a bloodstained altar of Trog.
  5284 | D:6      | Noticed a wizard
  5289 | D:6      | Killed a wizard
  5506 | D:7      | Found a hazy altar of Hepliaklqana.
  6080 | D:7      | Got a slimy ring mail
  6091 | D:7      | Identified the cursed +0 ring mail of Elitism {Regen+ MP+9 Dex+3 Slay+3} (You found it on level 7 of the Dungeon)
  6879 | D:7      | Reached XP level 10. HP: 58/91 MP: 9/9
  7080 | D:8      | Noticed Erica
  7096 | D:8      | Killed Erica
  7186 | D:8      | Noticed Maurice
  7196 | D:8      | Reached skill level 10 in Shields
  7197 | D:8      | Killed Maurice
  7197 | D:8      | Reached skill level 10 in Fighting
  7197 | D:8      | Reached skill level 10 in Armour
  7411 | D:8      | Noticed Joseph
  7419 | D:8      | Killed Joseph
  7610 | D:8      | Reached skill level 10 in Axes
  8059 | D:9      | Found a glowing silver altar of Zin.
  8070 | D:9      | Found Xirhad's Antique Armour Shoppe.
  8078 | D:9      | Bought the +2 pair of boots of the Assassin {DetectMon Stab+ Stlth++} for 704 gold pieces
  8318 | D:9      | Noticed Erolcha
  8326 | D:9      | Killed Erolcha
  8380 | D:9      | Reached XP level 11. HP: 101/101 MP: 10/10
  8805 | D:10     | Entered Level 10 of the Dungeon
  8989 | D:10     | Noticed a hill giant
  8998 | D:10     | Killed a hill giant
  9074 | D:10     | Found a staircase to the Lair.
  9286 | D:10     | Noticed a hill giant
  9294 | D:10     | Killed a hill giant
  9803 | D:11     | Found a staircase to the Orcish Mines.
  9806 | D:11     | Noticed a hill giant
  9821 | D:11     | Killed a hill giant
  9949 | D:11     | Got an ancient flail
  9950 | D:11     | Identified the +9 flail of Bimyb {flame, rElec MR+} (You found it on level 11 of the Dungeon)
 10219 | D:11     | Noticed a hill giant
 10227 | D:11     | Killed a hill giant
 10445 | D:12     | Noticed a hill giant
 10453 | D:12     | Killed a hill giant
 10453 | D:12     | Reached XP level 12. HP: 112/112 MP: 11/11
 10726 | D:12     | Noticed a death knight
 10740 | D:12     | HP: 5/113 [wraith[a death knight] (4)]
 10742 | D:12     | Mangled by a phantasmal warrior

Vault maps used:
D:1:      mrwooster_arrival_arrow, minmay_tetromino_o2
D:2:      grunt_temple_overflow_diamond, first_bread, wad_orctagon
D:4:      uniq_pikel
D:5:      lightli_ossuary_entry_decrepit_ruins, basic_altar, uniq_prince_ribbit1
D:6:      trog_wizard
D:7:      wad_guarded_room, kennysheep_little_box
D:8:      the_bakery, minivault_24, uniq_maurice, uniq_erica, uniq_joseph
D:9:      zin_scriptorium, serial_shops, shop, uniq_erolcha
D:10:     grunt_lair_entry_orc_guard_hut
D:11:     david_orc_2
D:12:     minmay_wizard_corner, hangedman_tree_tricks, spider_trap, uniq_fannar
Temple:   minmay_temple_bridge_d
Ossuary:  ossuary_crypta

Skill      XL: |  1  2  3  4  5  6  7  8  9 10 11 12 |
---------------+-------------------------------------+-----
Armour         | 4 5 6 8 9 10 11 12 | 12.0
Fighting       | 4 5 6 7 9 10 12 | 12.4
Shields        | 4 5 6 8 9 10 12 | 12.5
Axes           | 3 4 5 7 8 10 11 12 | 12.0

Action                   |  1- 3 |  4- 6 |  7- 9 | 10-12 || total
-------------------------+-------+-------+-------+-------++-------
Melee: War axe           |    99 |   100 |   289 |   371 ||   859
       Headbutt          |    13 |    13 |    57 |    72 ||   155
Invok: Potion Petition   |       |     1 |     1 |       ||     2
  Use: Potion            |       |     1 |     7 |     1 ||     9
       Scroll            |       |       |    11 |    12 ||    23
 Stab: Distracted        |       |       |     1 |     7 ||     8
       Sleeping          |       |       |       |     6 ||     6
  Eat: Chunk             |     1 |       |       |       ||     1
       Bread ration      |       |     1 |       |     1 ||     2
       Fruit             |       |     3 |       |       ||     3
       Beef jerky        |       |     1 |       |     2 ||     3
       Meat ration       |       |       |     2 |     2 ||     4
       Pizza             |       |       |       |     1 ||     1
Armor: Scale mail        |    49 |    60 |    78 |       ||   187
       Ring mail         |       |       |    18 |    88 ||   106
Dodge: Dodged            |    31 |    38 |    94 |    86 ||   249
Block: Shield            |    59 |    62 |   154 |   191 ||   466
